 Dungeon Crawl Stone Soup version 0.28.0-62-gf88900778d (webtiles) character file.

Game seed: 794471043086783794

31 Cidec the Chopper (level 3, 0/45 HPs)
             Began as a Minotaur Gladiator on July 26, 2022.
             Slain by an adder (2 damage)
             ... on level 2 of the Dungeon on June 23, 2023.
             The game lasted 00:03:58 (941 turns).

Cidec the Chopper (Minotaur Gladiator)               Turns: 941, Time: 00:03:59

Health: 0/45       AC: 21    Str: 20    XL:     3   Next: 7%
Magic:  2/2        EV:  2    Int:  5    God:
Gold:   35         SH:  0    Dex: 11    Spells: 2/2 levels left

rFire   . . .      SeeInvis .   a - +0 war axe
rCold   . . .      Faith    .   (no shield)
rNeg    . . .      Spirit   .   (armour currently unavailable)
rPois   +          Reflect  .   (helmet currently unavailable)
rElec   .          Harm     .   (cloak currently unavailable)
rCorr   .          Rampage  .   (gloves currently unavailable)
Will    .....      NoTele   +   (boots currently unavailable)
Stlth   +.........              (no amulet)
HPRegen 0.15/turn               (no ring)
MPRegen 0.08/turn               (no ring)

@: brilliant, tree-form (expiring)
A: stationary, stasis, torment immunity, boosted hp, (horns 2), (retaliatory
headbutt)
a: no special abilities


You were on level 2 of the Dungeon.
You were a tree.
You visited 1 branch of the dungeon, and saw 2 of its levels.

You collected 35 gold pieces.

Inventory:

Hand Weapons
 a - a +0 war axe (weapon)
Missiles
 d - 3 throwing nets (quivered)
Armour
 b - a +0 leather armour (melded)
 c - a +0 hat (melded)
Scrolls
 e - 2 scrolls of teleportation
 f - a scroll of holy word {unknown}


   Skills:
 - Level 2.4 Fighting
 + Level 5.1 Axes
 - Level 2.0 Throwing
 - Level 3.2 Dodging


You had 2 spell levels left.
You didn't know any spells.
Your spell library contained the following spells:

 Spells                   Type           Power      Damage    Failure   Level
 Call Canine Familiar     Summ           0%         N/A       85%         3
 Portal Projectile        Hex/Tloc       0%         N/A       85%         3
 Leda's Liquefaction      Hex/Erth       0%         N/A       99%         4
 Lee's Rapid Deconstruct  Erth           0%         3d5*      100%        5
 Statue Form              Tmut/Erth      0%         N/A       100%        6


Dungeon Overview and Level Annotations

Branches:
Dungeon (2/15)

Altars:


Innate Abilities, Weirdness & Mutations

You are a tree.
Your roots penetrate the ground, keeping you stationary.
You cannot be teleported.
You are immune to unholy pain and torment.
Your maximum health is greatly increased.
Your equipment is partially melded.
((You have a pair of horns on your head.))
((You reflexively headbutt those who attack you in melee.))


Message History

The adder bites you but does no damage.
The adder bites you but does no damage. x2
The adder bites you but does no damage. The adder bites you but does no damage.
The adder bites you.
* * * LOW HITPOINT WARNING * * *
The adder bites you but does no damage. The adder bites you.
* * * LOW HITPOINT WARNING * * *
The adder bites you but does no damage. The adder bites you.
* * * LOW HITPOINT WARNING * * *
You cannot move.
You cannot move.
You cannot move.
The adder bites you but does no damage. x2
The adder bites you but does no damage. The adder bites you but does no damage.
The adder bites you but does no damage. x2
The adder bites you but does no damage. The adder bites you but does no damage.
The adder bites you but does no damage. The adder bites you.
* * * LOW HITPOINT WARNING * * *
The adder bites you but does no damage. The adder bites you but does no damage.
The adder bites you but does no damage. The adder bites you.
* * * LOW HITPOINT WARNING * * *
The adder bites you.
* * * LOW HITPOINT WARNING * * *
The adder bites you but does no damage. The adder bites you but does no damage.
The adder bites you but does no damage. x2
The adder bites you but does no damage. The adder bites you but does no damage.
Your transformation is almost over.
The adder bites you.
* * * LOW HITPOINT WARNING * * *
The adder bites you.
You die...

.############# #.....
............# ###.##
###........#.# #...
#.....#..#.#.### ##.#
#.#.#.#..#)....#########.#
.#..........#.#........##..
............#...........†..
........#######........###.
.......ggS♣............# #.
.######g########.......# #.
gg.# #.......# #. .....#
#.......# #. ......<#
######### #. ......## #.
.[..g. #. ...g.. ##


You could see an adder, a hobgoblin and 2 goblins.

Vanquished Creatures
  Robin (D:2)
  A bat (D:1)
  8 goblins
  2 hobgoblins (D:2)
  2 quokkas
  A ball python (D:1)
  A frilled lizard (D:2)
  2 rats
18 creatures vanquished.

Notes
Turn   | Place    | Note
-------+----------+-------------------------------------------
     0 | D:1      | Cidec the Minotaur Gladiator began the quest for the Orb.
     0 | D:1      | Reached XP level 1. HP: 18/18 MP: 0/0
     2 | D:1      | Upgraded the game from 0.28.0-53-g5a82cb258f to
                  | 0.28.0-62-gf88900778d
   279 | D:1      | Found a faded altar of an unknown god.
   311 | D:1      | Reached skill level 4 in Axes
   834 | D:2      | Reached XP level 2. HP: 25/25 MP: 1/1
   871 | D:2      | Noticed Robin
   889 | D:2      | Killed Robin
   890 | D:2      | Reached skill level 5 in Axes
   890 | D:2      | Reached XP level 3. HP: 8/30 MP: 2/2
   940 | D:2      | HP: 2/45 [adder (3)]
   941 | D:2      | Slain by an adder

Illustrated notes

Levels and vault maps discovered:
D:1:      minmay_arrival_pointy, layout_loops_ring,
          hellmonk_ecumenical_altar_inner_sanctum
D:2:      layout_basic, minmay_snake_closets, uniq_robin

Skill      XL: |  1  2 |
---------------+-------+-----
Axes           | 4 5 |  5.1
Fighting       | |  2.4
Throwing       | |  2.0
Dodging        | |  3.2

Action                   || total
-------------------------++-------
Melee: War axe           ||    34
       Headbutt          ||     4
       Punch             ||     1
  Use: Potion            ||     2
       Scroll            ||     1
Armor: Leather armour    ||    10
       Skin              ||    53
Dodge: Dodged            ||    27
